 Dungeon Crawl Stone Soup version 0.27.1-34-g3ba077fa99 (webtiles) character file.

Game seed: 8575608745676682505

148 riojii the Sneak (level 5, -4/30 HPs)
             Began as a Kobold Earth Elementalist on Jan 6, 2022.
             Killed by divine providence
             ... invoked by an orc priest
              (7 damage)
             ... on level 4 of the Dungeon.
             The game lasted 00:06:47 (1912 turns).

riojii the Sneak (Kobold Earth Elementalist)        Turns: 1912, Time: 00:06:48

Health: -4/30      AC:  3    Str:  6    XL:     5   Next: 56%
Magic:  5/9        EV: 15    Int: 19    God:
Gold:   25         SH:  0    Dex: 16    Spells: 8/9 levels left

rFire    . . .     SeeInvis +   o - +9 dagger of Defilement {vorpal, Int+3}
rCold    . . .     Faith    .   (shield restricted)
rNeg     . . .     Spirit   .   b - +0 robe
rPois    .         Reflect  .   m - +0 helmet
rElec    .         Harm     .   (no cloak)
rCorr    .         Rampage  .   (no gloves)
Will     .....                  (no boots)
Stlth    ++++......             e - amulet of magic regeneration
HPRegen  0.10/turn              l - ring of see invisible
MPRegen  0.36/turn              (no ring)

@: no status effects
A: small, no large weapons, nightstalker 3
a: no special abilities


You were on level 4 of the Dungeon.
You visited 1 branch of the dungeon, and saw 3 of its levels.

You collected 25 gold pieces.

Inventory:

Hand Weapons
 g - a +4 dagger
 h - a +2 vampiric dagger
 o - the +9 dagger of Defilement (weapon) {vorpal, Int+3}
   (You found it on level 4 of the Dungeon)

   It inflicts extra damage upon your enemies.
   Int:       It affects your intelligence (+3).
Missiles
 c - 78 stones
Armour
 b - a +0 robe (worn)
 m - a +0 helmet (worn)
Magical Staves
 k - a staff of cold
Jewellery
 e - an amulet of magic regeneration (around neck)
 j - an amulet of faith
 l - a ring of see invisible (left hand)
Potions
 a - a potion of invisibility {unknown}
 d - 2 potions of curing {unknown}
 f - a potion of heal wounds {unknown}
 i - a potion of haste {unknown}
 n - a potion of degeneration {unknown}


   Skills:
 + Level 1.6 Fighting
 + Level 1.6 Short Blades
 + Level 3.2 Dodging
 * Level 4.8 Stealth
 + Level 2.9 Spellcasting
 - Level 1.0 Transmutations
 + Level 3.5 Earth Magic


You had 8 spell levels left.
You knew the following spells:

 Your Spells              Type           Power      Damage    Failure   Level
a - Sandblast             Erth           32%        2d9       3%          1

Your spell library contained the following spells:

 Spells                   Type           Power      Damage    Failure   Level
 Passwall                 Tmut/Erth      9%         N/A       9%          2
 Stone Arrow              Conj/Erth      18%        3d8       22%         3
 Petrify                  Tmut/Erth      11%        N/A       52%         4


Dungeon Overview and Level Annotations

Branches:
Dungeon (2/15)

Altars:


Innate Abilities, Weirdness & Mutations

You are small and have problems with some larger weapons.
You are completely attuned to the shadows.


Message History

Press: ? - help, Shift-Dir - straight line, f/p - orc warrior
Aim: an orc warrior, wielding a +0 war axe and wearing a +0 plate armour (79% to hit)
The blast of sand hits the giant cockroach.
You kill the giant cockroach!
Casting: Sandblast (safe; 3% risk of failure)
Confirm with . or Enter, or press ? or * to list all spells.
Aiming: Sandblast (safe; 3% risk of failure)
Press: ? - help, Shift-Dir - straight line, f/p - orc warrior
Aim: an orc warrior, wielding a +0 war axe and wearing a +0 plate armour (79% to hit)
The blast of sand misses the orc warrior.
The blast of sand hits the giant cockroach!
You kill the giant cockroach!
The orc warrior barely misses you.
Casting: Sandblast (safe; 3% risk of failure)
Confirm with . or Enter, or press ? or * to list all spells.
Aiming: Sandblast (safe; 3% risk of failure)
Press: ? - help, Shift-Dir - straight line, f/p - orc warrior
Aim: an orc warrior, wielding a +0 war axe and wearing a +0 plate armour (79% to hit)
The blast of sand hits the orc warrior but does no damage.
The orc warrior closely misses you.
Casting: Sandblast (safe; 3% risk of failure)
Confirm with . or Enter, or press ? or * to list all spells.
Aiming: Sandblast (safe; 3% risk of failure)
Press: ? - help, Shift-Dir - straight line, f/p - orc warrior
Aim: an orc warrior, wielding a +0 war axe and wearing a +0 plate armour (79% to hit)
The blast of sand hits the orc warrior!
The orc warrior is moderately wounded.
The orc warrior hits you with a +0 war axe!
Casting: Sandblast (safe; 3% risk of failure)
Confirm with . or Enter, or press ? or * to list all spells.
Aiming: Sandblast (safe; 3% risk of failure)
Press: ? - help, Shift-Dir - straight line, f - orc, p - orc warrior
Aim: an orc, wielding a +0 dagger (79% to hit)
The blast of sand hits the orc warrior but does no damage.
The orc warrior is moderately wounded.
The orc warrior hits you with a +0 war axe!
* * * LOW HITPOINT WARNING * * *
The orc priest mumbles some strange prayers to Beogh against you.
Beogh smites you!
You die...

## #..
..#.#$#.#.# .#
#B#.###.#.##.#
..Z .....##.#
#.#.###.#o##.#
...Z....Zoo@.####
..oo#.######....#
...##.# .....##.#
..o #.# .###.##.#
.. ..# #.##.#
...#.#


You could see an orc warrior, an orc priest, an orc and a hound skeleton.

Vanquished Creatures
  A phantom (D:4)
  Jessica (D:2)
  An adder (D:2)
  A dart slug (D:1)
  3 bats
  3 endoplasms
  4 giant cockroaches
  7 hobgoblins
  6 kobolds
  6 ball pythons
  2 frilled lizards (D:1)
  A goblin (D:1)
  3 rats (D:1)
39 creatures vanquished.

Notes
Turn   | Place    | Note
-------+----------+-------------------------------------------
     0 | D:1      | riojii the Kobold Earth Elementalist began the quest for
                  | the Orb.
     0 | D:1      | Reached XP level 1. HP: 10/10 MP: 3/3
   140 | D:1      | Reached skill level 3 in Stealth
   140 | D:1      | Reached XP level 2. HP: 16/16 MP: 5/5
   377 | D:1      | Found a faded altar of an unknown god.
   542 | D:1      | Reached XP level 3. HP: 20/20 MP: 6/6
   980 | D:1      | Reached skill level 1 in Fighting
  1211 | D:2      | Noticed Jessica
  1214 | D:2      | Killed Jessica
  1215 | D:2      | Reached skill level 4 in Stealth
  1215 | D:2      | Reached XP level 4. HP: 25/25 MP: 7/7
  1659 | D:2      | Reached skill level 1 in Short Blades
  1885 | D:2      | You fall into a shaft and drop 2 floors!
  1886 | D:4      | Identified the +9 dagger of Defilement {vorpal, Int+3}
  1890 | D:4      | Noticed a phantom
  1894 | D:4      | Killed a phantom
  1895 | D:4      | Reached XP level 5. HP: 30/30 MP: 9/9
  1899 | D:4      | Noticed an orc warrior
  1912 | D:4      | Killed from afar by an orc priest

Illustrated notes

Levels and vault maps discovered:
D:1:      mrwooster_arrival_statue_3, layout_loops_ring,
          shapermc_ecumenical_altar_acropolis, serial_co_window_serial,
          co_window_corner_a, co_window_paths_a, co_window_corner_a,
          co_window_paths_a, co_window_paths_a, co_window_paths_a,
          co_window_of_opportunity_a, co_window_broadway_c, co_window_corner_cb,
          co_window_of_opportunity_b, glass_columns_a, glass_columns_b,
          glass_columns_c
D:2:      layout_basic, uniq_jessica
D:4:      layout_loops_ring, trog_book, yredelemnul_forgotten_temple_becter,
          minmay_temple_entry_mini_moons, minmay_surrounded

Skill      XL: |  1  2  3  4 |
---------------+-------------+-----
Stealth        | 3 4 |  4.8
Fighting       | 1 |  1.6
Short Blades   | 1 |  1.6
Dodging        | 3 |  3.2
Spellcasting   | |  2.9
Transmutations | |  1.0
Earth Magic    | |  3.5

Action                   |  1- 3 |  4- 6 || total
-------------------------+-------+-------++-------
Melee: Dagger            |    30 |     8 ||    38
       Long sword        |     1 |       ||     1
 Cast: Sandblast         |    20 |    10 ||    30
 Stab: Sleeping          |    14 |     6 ||    20
Armor: Robe              |     6 |     1 ||     7
Dodge: Dodged            |    27 |     9 ||    36
